 Dungeon Crawl Stone Soup version 0.28-a0-1184-g53156a8862 (webtiles) character file.

Game seed: 630972550124463838

1828 mcbry74 the Grappler (level 8, -3/75 HPs)
             Began as a Troll Fighter on Dec 17, 2021.
             Was a Follower of Wu Jian.
             Slain by a killer bee (4 damage)
             ... on level 9 of the Dungeon.
             The game lasted 00:15:31 (4663 turns).

mcbry74 the Grappler (Troll Fighter)                Turns: 4663, Time: 00:15:32

Health: -3/75      AC: 11    Str: 33    XL:     8   Next: 86%
Magic:  6/6        EV:  8    Int:  4    God:    Wu Jian [*.....]
Gold:   231        SH:  8    Dex: 11    Spells: 7/7 levels left

rFire   . . .      SeeInvis .     - Unarmed
rCold   . . .      Faith    .   b - +0 kite shield
rNeg    + . .      Spirit   .   n - +2 robe {rN+}
rPois   .          Reflect  .   (helmet restricted)
rElec   .          Harm     .   y - +0 cloak
rCorr   .          Rampage  .   (gloves unavailable)
Will    .....                   (boots unavailable)
Stlth   ..........              (no amulet)
HPRegen 1.02/turn               h - +6 ring of strength
MPRegen 0.10/turn               i - +4 ring of protection

@: mighty, lethally poisoned (-3 -> -14), silenced
A: large, unfitting armour, claws 3, regeneration 1, shaggy fur 1, tough skin 1,
agile 1, low mp 1, evolution 1
a: Renounce Religion


You were on level 9 of the Dungeon.
You worshipped Wu Jian.
Wu Jian was aware of your devotion.
You visited 2 branches of the dungeon, and saw 9 of its levels.

You collected 231 gold pieces.

Inventory:

Hand Weapons
 z - a +0 giant club
 G - a +4 hunting sling
Missiles
 f - 3 curare-tipped darts (quivered)
 g - 155 stones
 l - 6 javelins
 u - 17 poisoned darts
Armour
 a - a +0 robe
 b - a +0 kite shield (worn)
 n - a +2 robe of positive energy (worn)
 y - a +0 cloak (worn)
Jewellery
 h - a +6 ring of strength (left claw)
 i - a +4 ring of protection (right claw)
 j - a ring of wizardry
 r - a ring of wizardry
 s - a +4 ring of evasion
 t - a ring of positive energy
 x - a +6 ring of dexterity
 I - a +4 ring of protection
Wands
 E - a wand of polymorph (7)
Scrolls
 d - a scroll of noise {unknown}
 e - 2 scrolls of silence
 q - a scroll of fog {unknown}
 w - 3 scrolls of magic mapping {unknown}
 A - 3 scrolls of teleportation {unknown}
 B - a scroll of enchant weapon {unknown}
 D - a scroll of enchant armour {unknown}
 F - 2 scrolls of fear {unknown}
 H - 2 scrolls of immolation {unknown}
Potions
 k - 2 potions of mutation
 p - a potion of brilliance
 C - 2 potions of magic
 J - a potion of degeneration


   Skills:
 - Level 3.3 Fighting
 - Level 3.0 Dodging
 - Level 3.3 Shields
 * Level 10.8 Unarmed Combat


You had 7 spell levels left.
You didn't know any spells.
Your spell library contained the following spells:

 Spells                   Type           Power      Damage    Failure   Level
 Animate Skeleton         Necr           0%         N/A       89%         1
 Apportation              Tloc           0%         N/A       89%         1
 Beastly Appendage        Tmut           0%         N/A       89%         1
 Foxfire                  Conj/Fire      0%         2x1d4     89%         1
 Summon Small Mammal      Summ           0%         N/A       89%         1
 Static Discharge         Conj/Air       0%         N/A       96%         2
 Wereblood                Tmut           0%         N/A       96%         2
 Conjure Flame            Conj/Fire      0%         6-21      99%         3
 Gell's Gravitas          Tloc           0%         N/A       99%         3
 Inner Flame              Hex/Fire       0%         N/A       99%         3
 Lesser Beckoning         Tloc           0%         N/A       99%         3
 Spider Form              Tmut/Pois      0%         N/A       99%         3
 Teleport Other           Tloc           0%         N/A       99%         3
 Dispel Undead            Necr           0%         3d6       100%        4
 Flame Wave               Conj/Fire      0%         2d4       100%        4
 Sticky Flame             Conj/Fire      0%         2d3       100%        4
 Borgnjor's Revivificati  Necr           0%         N/A       100%        8
 Necromutation            Tmut/Necr      0%         N/A       100%        8
 Death's Door             Necr           0%         N/A       100%        9


Dungeon Overview and Level Annotations

Branches:
Dungeon (7/15)             Temple (1/1) D:5

Altars:
Fedhas
Hepliaklqana
Kikubaaqudgha
Ru
Sif Muna
Wu Jian
Yredelemnul
The Shining One

Annotations:
D:9 Joseph


Innate Abilities, Weirdness & Mutations

You are too large for most types of armour.
You have claws for hands.
Your natural rate of healing is unusually fast.
You are covered in fur. (AC +1)
You have tough skin. (AC +1)
You are agile. (Dex +2)
Your magical capacity is low. (-10% MP)
You have hidden genetic potential.


Message History

The killer bee stings you but does no damage. x2
You feel much better.
You feel sick. You block the killer bee's attack. The killer bee stings you!
* * * LOW HITPOINT WARNING * * *
The killer bee stings you but does no damage.
The killer bee stings you.
* * * LOW HITPOINT WARNING * * *
The killer bee stings you but does no damage. x2
You miss the killer bee.
The killer bee is almost dead.
You feel sick. The killer bee stings you.
* * * LOW HITPOINT WARNING * * *
The killer bee completely misses you. The killer bee stings you.
* * * LOW HITPOINT WARNING * * *
The killer bee barely misses you. x2; The killer bee closely misses you.
You miss the killer bee.
The killer bee is almost dead.
You feel sick. You block the killer bee's attack. The killer bee stings you.
* * * LOW HITPOINT WARNING * * *
You are more poisoned.
The killer bee poisons you! You block the killer bee's attack.
The killer bee stings you.
* * * LOW HITPOINT WARNING * * *
The killer bee stings you but does no damage.
You block the killer bee's attack.
Really quaff the potion of mutation?
You feel extremely strange.
You feel less energetic.
You feel a hidden potential growing inside you.
You feel agile.
* * * LOW HITPOINT WARNING * * *
You feel very sick. The killer bee closely misses you.
The killer bee stings you but does no damage.
The killer bee stings you.
* * * LOW HITPOINT WARNING * * *
You are more poisoned.
The killer bee poisons you! You block the killer bee's attack. x2
The killer bee stings you.
You die...

.##. ###........
## ..(.##.........
. .............#
.#
...yy.......####.#
............))).#
.............).##
...........[....#
.......##.##.yy.#
....?..#..##yy@##
.......##..@####
#......#..###
##........#
#.......##
#......# .....
###.# ##


You could see Joseph and 4 killer bees.

Vanquished Creatures
  Sigmund (D:6)
  A wraith (D:9)
  A water moccasin (D:6)
  An ice beast (D:7)
  A black bear (D:5)
  A sky beast (D:6)
  An ogre (D:4)
  The ghost of ThreePoint314 the Chiller, an amateur DsIE (D:3)
  A kobold brigand (D:9)
  A bullfrog (D:7)
  3 wights (D:6)
  2 killer bees (D:9)
  A howler monkey (D:6)
  A bullfrog zombie (D:6)
  A centaur skeleton (D:6)
  3 hounds
  Jessica (D:2)
  Ijyb (D:4)
  3 iguanas
  2 killer bee zombies
  A hound skeleton (D:3)
  Robin (D:3)
  7 gnolls
  7 adders
  A worm (D:4)
  2 dart slugs
  6 orcs
  5 ball pythons
  7 bats
  5 endoplasms
  2 giant cockroaches
  13 goblins
  16 hobgoblins
  5 jackals
  4 quokkas
  3 frilled lizards
  11 kobolds
  A quokka skeleton (D:4)
  12 rats
137 creatures vanquished.

Vanquished Creatures (others)
  A kobold (D:9)
1 creature vanquished.

Grand Total: 138 creatures vanquished

Notes
Turn   | Place    | Note
-------+----------+-------------------------------------------
     0 | D:1      | mcbry74 the Troll Fighter began the quest for the Orb.
     0 | D:1      | Reached XP level 1. HP: 22/22 MP: 0/0
   166 | D:1      | Reached XP level 2. HP: 29/29 MP: 1/1
   416 | D:1      | Found a faded altar of an unknown god.
   906 | D:2      | Reached XP level 3. HP: 36/36 MP: 2/2
   975 | D:2      | Reached skill level 3 in Unarmed Combat
   981 | D:2      | Reached XP level 4. HP: 26/44 MP: 3/3
  1104 | D:2      | Noticed Jessica
  1110 | D:2      | Killed Jessica
  1588 | D:3      | Noticed ThreePoint314's ghost (amateur DsIE)
  1589 | D:3      | Noticed Robin
  1613 | D:3      | Killed Robin
  1622 | D:3      | Reached XP level 5. HP: 46/53 MP: 4/4
  1645 | D:3      | Found a runed translucent gate.
  1645 | D:3      | Found a runed translucent gate.
  1647 | D:3      | Found a runed translucent gate.
  1685 | D:3      | Killed ThreePoint314's ghost
  1686 | D:3      | Reached skill level 4 in Unarmed Combat
  1950 | D:3      | Reached XP level 6. HP: 61/61 MP: 5/5
  2082 | D:3      | Found a sacrificial altar of Ru.
  2521 | D:4      | Reached skill level 5 in Unarmed Combat
  3066 | D:4      | Noticed Ijyb
  3111 | D:4      | Killed Ijyb
  3112 | D:4      | Reached skill level 6 in Unarmed Combat
  3339 | D:5      | Entered Level 5 of the Dungeon
  3376 | D:5      | Reached XP level 7. HP: 67/67 MP: 6/6
  3449 | D:5      | Found a staircase to the Ecumenical Temple.
  3454 | Temple   | Entered the Ecumenical Temple
  3462 | Temple   | Became a worshipper of the Wu Jian Council
  3692 | D:5      | Found an ancient bone altar of Kikubaaqudgha.
  3693 | D:5      | Found a blossoming altar of Fedhas.
  3793 | D:5      | Found a hazy altar of Hepliaklqana.
  3845 | D:6      | Reached skill level 7 in Unarmed Combat
  3862 | D:6      | Identified the +5 plate armour "Yxaix" {rF+ Int+2}
  4240 | D:6      | Noticed Sigmund
  4251 | D:6      | Killed Sigmund
  4252 | D:6      | Reached skill level 8 in Unarmed Combat
  4252 | D:6      | Reached XP level 8. HP: 69/75 MP: 7/7
  4316 | D:6      | Reached skill level 9 in Unarmed Combat
  4507 | D:6      | Found a basalt altar of Yredelemnul.
  4577 | D:7      | Reached * piety under Wu Jian
  4590 | D:7      | Reached skill level 10 in Unarmed Combat
  4590 | D:7      | You fall into a shaft and drop 2 floors!
  4633 | D:9      | Noticed Joseph
  4659 | D:9      | HP: 3/75 [killer bee (7)]
  4663 | D:9      | Gained mutation: Your magical capacity is low. (-10% MP)
                  | [potion of mutation]
  4663 | D:9      | Gained mutation: You have hidden genetic potential. [potion
                  | of mutation]
  4663 | D:9      | Gained mutation: You are agile. (Dex +2) [potion of
                  | mutation]
  4663 | D:9      | HP: 1/75 [killer bee (3)]
  4663 | D:9      | Slain by a killer bee

Illustrated notes

Levels and vault maps discovered:
D:1:      dpeg_arrival_ratfight, layout_basic,
          shapermc_ecumenical_altar_mp_vishouse
D:2:      layout_basic, uniq_jessica
D:3:      layout_basic, nicolae_ru_path_of_blood, gammafunk_ghost_split,
          uniq_robin
D:4:      layout_loops_ring, uniq_ijyb
D:5:      layout_cave_pools, grunt_temple_overflow_growth_and_decay,
          lemuel_coloured_pillars_altar, temple_doors_e
D:6:      layout_loops_ring, lemuel_tele_altar, uniq_sigmund
D:7:      minmay_recursive_quarters, layout_rooms, zin_academy,
          okawaru_ov_weapons_minmay, st_stairs_1, grunt_ministairs_3, uniq_pikel
D:9:      cheibrodos_histonic, layout_cave_pools, fiery_altar_vehumet,
          gammafunk_ghost_split, minmay_misc_feat_encased,
          statue_in_the_mist_lemuel, uniq_joseph
Temple:   dpeg_three_leaves_temple

Skill      XL: |  1  2  3  4  5  6  7  8 |
---------------+-------------------------+-----
Unarmed Combat | 3 4 6 8 10 | 10.8
Dodging        | 3 |  3.0
Fighting       | 3 |  3.3
Shields        | 3 |  3.3

Action                   |  1- 3 |  4- 6 |  7- 9 || total
-------------------------+-------+-------+-------++-------
Melee: Unarmed           |    77 |   202 |   122 ||   401
Throw: Dart              |       |       |     1 ||     1
Invok: Lunge             |       |       |    10 ||    10
       Whirlwind         |       |       |     7 ||     7
  Use: Scroll            |       |     1 |     6 ||     7
       Potion            |       |       |     5 ||     5
 Stab: Sleeping          |     1 |     1 |       ||     2
Armor: Robe              |    22 |   109 |    85 ||   216
Dodge: Dodged            |    21 |    78 |    45 ||   144
Block: Kite shield       |    29 |    75 |    61 ||   165

Table legend: (Time is in decaauts)
 A = Elapsed time spent in this place.
 B = Non-inter-level travel time spent in this place.
 C = Inter-level travel time spent in this place.
 D = Time resting spent in this place.
 E = Time spent auto-exploring this place.
 F = Levels seen in this place.
 G = Mean time per level.
                   A        B        C        D        E       F      G
               +--------+--------+--------+--------+--------+-----+--------+
         Total |   4700 |   4504 |    196 |    136 |   3189 |   9 |  522.2 |
       Dungeon |   4683 |   4487 |    196 |    136 |   3189 |   8 |  585.4 |
        Temple |     16 |     16 |      0 |      0 |      0 |   1 |   16.0 |
               +--------+--------+--------+--------+--------+-----+--------+

Top non-repeatable levels by time:
     D:3: 960 daAuts
     D:1: 895 daAuts
     D:4: 845 daAuts
     D:6: 712 daAuts
     D:2: 667 daAuts
     D:5: 478 daAuts
     D:9: 76 daAuts
     D:7: 46 daAuts
  Temple: 16 daAuts
